 Dungeon Crawl Stone Soup version 0.26-a0-1058-g8dc6ce00ff (webtiles) character file.

Game seed: 13002164650801012862

400592 Delamore the Hoplite (level 23, -13/155 HPs)
             Began as a Gargoyle Fighter on Dec 13, 2020.
             Was the Champion of Okawaru.
             Killed from afar by a Hell Sentinel (44 damage)
             ... with an iron shot
             ... summoned by a deep elf demonologist
             ... on level 5 of the Vaults.
             The game lasted 01:21:15 (51133 turns).

Delamore the Hoplite (Gargoyle Fighter)            Turns: 51133, Time: 01:21:16

Health: -13/155    AC: 40    Str: 32    XL:     23   Next: 29%
Magic:  29/29      EV:  9    Int: 21    God:    Okawaru [******]
Gold:   2672       SH: 33    Dex: 16    Spells: 22/22 levels left

rFire    + + +     SeeInvis .   Y - +0 eveningstar (flame)
rCold    . . .     Faith    .   x - +0 tower shield {reflect}
rNeg     + . .     Spirit   .   a - +0 storm dragon scales "Xeahuini" {Rampage rElec} (curse)
rPois    ∞         Reflect  +   V - +1 hat of Leaves {Will+ Stlth+}
rElec    +         Harm     .   r - +2 cloak of Melancholy {rF+ Int+5 Dex+2}
rCorr    .         Rampage  +   q - +0 pair of gloves {Dex+3}
Will     +++..                  E - +2 pair of boots of Gravitas {rPois Str+6 Int+3 Stlth+}
Stlth    ..........             g - amulet of reflection
HPRegen  0.35/turn              z - ring of protection from fire
MPRegen  0.21/turn              b - +4 ring of slaying

@: corroded
A: big wings, agile 1, blink, fire resistance 1, strong-willed 1, negative
energy resistance 1, electricity resistance, unbreathing, evolution 1,
petrification resistance, rot immunity, AC +17
}: 2/15 runes: decaying, gossamer
a: Fly, Blink, Heroism, Finesse, Renounce Religion


You were on level 5 of the Vaults.
You worshipped Okawaru.
Okawaru was exalted by your worship.
You visited 7 branches of the dungeon, and saw 37 of its levels.
You visited the Abyss 1 time.
You also visited: Trove, Sewer, Bailey, Ice Cave and Volcano.

You collected 4987 gold pieces.
You spent 2315 gold pieces at shops.

Inventory:

Hand Weapons
 Y - a +0 eveningstar of flaming (weapon)
Missiles
 w - 14 silver javelins (quivered)
 C - 11 throwing nets
 U - 25 javelins
Armour
 a - the cursed +0 storm dragon scales "Xeahuini" (worn) {Rampage rElec}
   (You found it in a treasure trove)

   It insulates you from electricity.
   It bestows one free step when moving towards enemies.
   It has a curse placed upon it.
 q - a +0 pair of gloves of dexterity (worn)
 r - the +2 cloak of Melancholy (worn) {rF+ Int+5 Dex+2}
   (Okawaru gifted it to you on level 2 of the Orcish Mines)

   It affects your intelligence (+5).
   It affects your dexterity (+2).
   It protects you from fire.
 x - a +0 tower shield of reflection (worn)
 E - the +2 pair of boots of Gravitas (worn) {rPois Str+6 Int+3 Stlth+}
   (You found it on level 15 of the Dungeon)

   It affects your strength (+6).
   It affects your intelligence (+3).
   It protects you from poison.
   It makes you more stealthy.
 V - the +1 hat of Leaves (worn) {Will+ Stlth+}
   (Okawaru gifted it to you on level 14 of the Dungeon)

   It affects your willpower, your defense against some magical effects.
   It makes you more stealthy.
Jewellery
 b - a +4 ring of slaying (right hand)
 g - an amulet of reflection (around neck)
 m - an uncursed ring of see invisible
 t - an uncursed ring of resist corrosion
 z - a ring of protection from fire (left hand)
 Q - the ring "Rubrih" {rElec rPois Str+6 Int+2 Slay+2}
   (You acquired it on level 2 of the Vaults)

   [ring of strength]

   It affects your strength (+6).
   It affects your intelligence (+2).
   It affects your accuracy and damage with ranged weapons and melee attacks
   (+2).
   It insulates you from electricity.
   It protects you from poison.
Wands
 o - a wand of iceblast (26)
 B - a wand of flame (122)
 D - a wand of disintegration (12)
 H - a wand of random effects (10)
 O - a wand of digging (7)
 S - a wand of acid (13)
Scrolls
 c - 2 scrolls of silence
 f - 7 scrolls of blinking
 h - 18 scrolls of remove curse
 j - 3 scrolls of amnesia
 k - 5 scrolls of enchant armour
 l - a scroll of torment
 n - 8 scrolls of identify
 p - 5 scrolls of immolation
 v - a scroll of magic mapping
 y - 15 scrolls of teleportation
 F - 2 scrolls of fog
 G - 9 scrolls of fear
 T - 3 scrolls of summoning
 X - 3 scrolls of holy word
Potions
 d - 6 potions of might
 e - a potion of haste
 i - 16 potions of curing
 s - 4 potions of heal wounds
 u - 3 potions of mutation
 A - a potion of cancellation
 I - 3 potions of ambrosia
 M - 3 potions of resistance
 P - 2 potions of berserk rage
 Z - 5 potions of invisibility


   Skills:
 + Level 19.4 Fighting
 + Level 17.4 Maces & Flails
 - Level 5.0 Throwing
 - Level 15.0 Armour
 + Level 25.8 Shields
 - Level 9.0 Invocations
 - Level 6.0 Evocations


You had 22 spell levels left.
You didn't know any spells.
Your spell library contained the following spells:

 Spells                   Type           Power        Failure   Level
 Foxfire                  Conj/Fire      #...         47%         1
 Freeze                   Ice            #...         47%         1
 Sandblast                Erth           #.....       47%         1
 Summon Small Mammal      Summ           #...         47%         1
 Call Imp                 Summ           #.......     63%         2
 Passwall                 Tmut/Erth      #.......     63%         2
 Call Canine Familiar     Summ           #.......     85%         3
 Confusing Touch          Hex            #.......     85%         3
 Conjure Flame            Conj/Fire      #.......     85%         3
 Frozen Ramparts          Ice            #.....       85%         3
 Gell's Gravitas          Tloc           #.........   85%         3
 Ignite Poison            Fire/Tmut/Pois #.......     85%         3
 Inner Flame              Hex/Fire       #.......     85%         3
 Ozocubu's Armour         Ice            #.......     85%         3
 Stone Arrow              Conj/Erth      #.....       85%         3
 Summon Guardian Golem    Hex/Summ       #.......     85%         3
 Hailstorm                Conj/Ice       #.......     99%         4
 Leda's Liquefaction      Hex/Erth       #.........   99%         4
 Petrify                  Tmut/Erth      #.......     99%         4
 Sticky Flame             Conj/Fire      #.......     99%         4
 Summon Ice Beast         Ice/Summ       #.......     99%         4
 Summon Lightning Spire   Summ/Air       #.......     99%         4
 Alistair's Intoxication  Tmut/Pois      #........    100%        5
 Bolt of Magma            Conj/Fire/Erth #.........   100%        5
 Fireball                 Conj/Fire      #.........   100%        5
 Irradiate                Conj/Tmut      #.........   100%        5
 Lee's Rapid Deconstruct  Erth           #.........   100%        5
 Metabolic Englaciation   Hex/Ice        #.........   100%        5
 Silence                  Hex/Air        #.........   100%        5
 Yara's Violent Unravell  Hex/Tmut       #.........   100%        5
 Conjure Ball Lightning   Conj/Air       #.........   100%        6
 Eringya's Noxious Bog    Tmut/Pois      #.........   100%        6
 Iron Shot                Conj/Erth      #.........   100%        6
 Starburst                Conj/Fire      #.........   100%        6
 Ignition                 Fire           #.........   100%        8
 Shatter                  Erth           #.........   100%        9
 Tornado                  Air            #.........   100%        9
 Sublimation of Blood     Necr           Unusable     N/A         2
 Statue Form              Tmut/Erth      Unusable     N/A         6

Dungeon Overview and Level Annotations

Branches:
Dungeon (15/15)            Temple (1/1) D:5            Lair (6/6) D:10
  Swamp (4/4) Lair:4       Spider (4/4) Lair:3        Slime (0/5) Lair:5
    Orc (2/2) D:12            Elf (0/3) Orc:2        Vaults (5/5) D:14
  Crypt (0/3) Vaults:2     Depths (0/5) D:15          Sewer (visited)
 Bailey (visited)           IceCv (visited)         Volcano (visited)

Altars:
Ashenzari
Cheibriados
Dithmenos
Fedhas
Hepliaklqana
Kikubaaqudgha
Okawaru
Qazlal
Ru
Sif Muna
Trog
Uskayaw
Vehumet
Wu Jian
Xom
Yredelemnul
Zin
The Shining One
Beogh

Shops:
D:4 *   D:8 ?[   D:11 *   Orc:1 *   Orc:2 =(*[(   Vaults:4 =

Annotations:
D:4 exclusion: statue
D:6 2 transporters, brujo666's ghost, weakling DsDe


Innate Abilities, Weirdness & Mutations

You are resistant to torment.
Your stone body is resilient. (AC +17)
You are immune to poison.
Your large and strong wings let you fly indefinitely.
You resist negative energy. (rN+)
You are resistant to electric shocks. (rElec)
You can survive without breathing.
You are immune to petrification.
You are immune to rotting.
You are agile. (Dex +2)
You can translocate small distances at will.
Your flesh is heat resistant. (rF+)
You are strong-willed. (Will+)
You evolve.


Message History

The hell beast tramples you but does no damage.
You impale the fire giant!!
The fire giant is almost dead.
You block the hell beast's attack.
The hell beast tramples you but does no damage.
You block the small abomination's attack.
You block the fire giant's attack.
The small abomination hits you but does no damage.
You sock the fire giant!
You kill the fire giant!
Okawaru accepts your kill.
The deep elf demonologist seems less brilliant.
You block the hell beast's attack. x2
You block the small abomination's attack.
You rampage towards the Hell Sentinel!
You hit the Hell Sentinel but do no damage.
You block the hell beast's attack. x2
The Hell Sentinel gestures at you. The iron shot hits you!!!
You die...

#..# #..#...
#..#..# .
#..#..# ..
#..#..# ...
#..#..# ....
#..#..#####....#
#)(#..x)244...#
#())).)x@1e2.#
#....#########
#.(....
#........
#........(.
#..........
#....######
#.....


You could see a Hell Sentinel (summoned), a hell beast (summoned), a deep elf
demonologist, an ice devil (summoned), a rust devil (summoned), a tormentor
(summoned) and 2 small abominations.

Vanquished Creatures
  Mara (Swamp:3)
  Saint Roka (Vaults:2)
  A golden dragon (Vaults:3)
  A tentacled monstrosity (Vaults:4)
  A lich (Vaults:3)
  2 titans
  2 sphinxes
  2 tentacled starspawn (Abyss:3)
  A thorn hunter (Swamp:4)
  A shadow dragon (Vaults:4)
  3 fenstrider witches
  2 tengu reavers
  3 fire giants
  Roxanne (D:15)
  13 vault wardens
  4 ghost moths
  A frost giant (Vaults:4)
  Louise (Spider:4)
  2 orc warlords
  5 emperor scorpions
  3 deep elf sorcerers
  A ghoul (Vaults:3)
  18 ironheart preservers
  A deep elf elementalist (Vaults:5)
  4 very ugly things (Vaults:1)
  A war gargoyle (Vaults:1)
  12 stone giants
  A deep elf demonologist (Vaults:2)
  6 entropy weavers
  2 deep elf annihilators
  Nessos (D:13)
  8 bunyips
  3 eleionomae
  2 spark wasps (Spider:4)
  A blizzard demon (IceCv)
  4 ettins
  5 deep elf death magi
  A crystal guardian (Vaults:3)
  A fire dragon (D:14)
  12 yaktaur captains
  24 hydras
  4 great orbs of eyes
  A shambling mangrove (Swamp:4)
  Fannar (Lair:3)
  3 rakshasas
  17 ogre magi
  2 ghost crabs
  4 ice dragons
  11 boulder beetles
  A deep elf high priest (Vaults:5)
  7 vault guards
  Erica (Lair:2)
  A catoblepas (Lair:6)
  10 centaur warriors
  13 alligators
  3 death yaks
  5 death knights
  54 two-headed ogres
  3 deep troll shamans
  A vampire mage (Vaults:2)
  A tengu warrior (D:14)
  Urug (Lair:1)
  3 orc high priests (Orc:2)
  Sonja (D:11)
  11 deep elf knights
  A wretched star (Abyss:3)
  2 sixfirhies (Abyss:3)
  2 fire crabs
  3 goliath frogs
  A hell knight (Volcano)
  A shadow wraith (Vaults:2)
  6 skeletal warriors
  4 spriggan druids
  8 deep elf archers
  11 deep trolls
  15 swamp dragons
  An orange crystal statue (Swamp:3)
  10 bog bodies
  11 orb spiders
  3 phantasmal warriors
  Pikel (D:4)
  2 harpies (Vaults:4)
  4 wizards
  16 orc knights
  A stone giant zombie (Vaults:3)
  8 ironbrand convokers
  5 necromancers
  27 deep elf magi
  20 ugly things
  2 manticores
  A faun (shapeshifter) (Vaults:4)
  5 orc sorcerers
  8 will-o-the-wisps
  4 cyclopes
  38 wolf spiders
  A moth of wrath (Spider:3)
  17 elephants
  2 ice statues (IceCv)
  An apocalypse crab (Abyss:3)
  19 vault sentinels
  4 centaur zombies
  A naga mage (D:15)
  A stone giant skeleton (Vaults:3)
  2 molten gargoyles (Volcano)
  7 cane toads
  Joseph (D:9)
  A torpor snail (Lair:6)
  3 black mambas
  An orange demon (Abyss:3)
  A gargoyle (D:15)
  4 centaur skeletons
  3 rime drakes
  3 demonic crawlers
  4 komodo dragons
  3 efreet
  42 yaktaurs
  Maggie (Lair:2)
  A rime drake (shapeshifter) (Vaults:3)
  13 freezing wraiths
  14 ice devils (IceCv)
  A redback zombie (D:15)
  A yaktaur (shapeshifter) (Vaults:2)
  An ancient zyme (Abyss:3)
  5 polar bears (Lair:6)
  A tengu conjurer (D:14)
  A troll (shapeshifter) (Vaults:3)
  26 jumping spiders
  8 tyrant leeches
  17 hornets
  8 trolls
  A raiju (shapeshifter) (D:13)
  2 slime creatures
  3 dream sheep (Lair:6)
  A sphinx simulacrum (Vaults:3)
  A stone giant simulacrum (Vaults:1)
  28 blink frogs
  Sigmund (D:2)
  50 yaks
  2 shadows
  19 humans (D:14)
  30 tarantellas
  9 wraiths
  22 spriggans
  77 redbacks
  2 fire bats (Volcano)
  Eustachio (D:5)
  3 water elementals (D:12)
  A neqoxec (Abyss:3)
  8 wyverns
  2 basilisks
  4 large abominations
  9 vampire mosquitoes
  9 wargs
  A soldier ant (D:11)
  16 water moccasins
  10 swamp worms
  2 acid dragons
  An acid dragon (shapeshifter) (Vaults:3)
  A black bear (Lair:6)
  56 orc warriors
  7 ice beasts
  5 sky beasts
  4 phantoms
  2 necrophages
  An eye of draining (D:15)
  10 swamp drakes
  16 boggarts
  38 ogres
  26 wolves
  18 centaurs
  2 small abominations
  A human skeleton (Vaults:2)
  A lemure (D:4)
  An elf skeleton (Vaults:2)
  19 bullfrogs
  8 gnoll sergeants (Bailey)
  A scorpion (shapeshifter) (Vaults:3)
  5 scorpions
  27 killer bees
  2 howler monkeys
  12 wights
  8 electric eels
  A bullfrog zombie (D:11)
  6 lava snakes (Volcano)
  A quasit (D:8)
  6 starcursed masses (Abyss:3)
  6 gnoll shamans (Bailey)
  6 hounds
  4 jellies
  31 orc priests
  4 iguanas
  30 orc wizards
  A bullfrog skeleton (D:9)
  An iron imp (Abyss:3)
  Ijyb (D:4)
  Terence (D:2)
  8 worker ants
  5 hell rats (Lair:5)
  6 human simulacra
  A hound zombie (D:10)
  2 worker ant zombies
  17 gnolls
  15 adders
  3 river rats (D:5)
  A hound simulacrum (D:8)
  A shadow imp (D:5)
  8 white imps
  8 ufetubi
  An ooze (D:3)
  An adder zombie (D:5)
  3 adder skeletons
  4 dart slugs
  2 worms
  9 leopard geckos
  88 orcs
  9 ball pythons
  4 giant cockroaches
  5 goblins
  8 hobgoblins
  14 jackals
  18 kobolds
  3 quokkas
  10 bats
  10 frilled lizards
  A leopard gecko skeleton (D:6)
  A quokka skeleton (D:4)
  7 rats
  2 briar patches (Swamp:4)
  4 crawling corpses
  2 starspawn tentacles (Abyss:3)
1724 creatures vanquished.

Vanquished Creatures (others)
  A fire dragon (Vaults:3)
  An alligator (Swamp:1)
  A shadow wraith (Vaults:3)
  A phantasmal warrior (Vaults:4)
  A will-o-the-wisp (Swamp:2)
  5 bloated husks
  A basilisk (shapeshifter) (Vaults:4)
  2 ogres
  A boggart (Vaults:3)
  A white imp (IceCv)
  2 ufetubi (IceCv)
  4 orcs (Vaults:2)
  4 briar patches (Swamp:4)
  40 foxfires
  23 fungi
  40 plants
  13 starspawn tentacles (Abyss:3)
141 creatures vanquished.

Grand Total: 1865 creatures vanquished

Notes
Turn   | Place    | Note
-------+----------+-------------------------------------------
     0 | D:1      | Delamore the Gargoyle Fighter began the quest for the Orb.
     0 | D:1      | Reached XP level 1. HP: 14/14 MP: 1/1
   132 | D:1      | Reached XP level 2. HP: 11/19 MP: 2/2
  1032 | D:2      | Reached XP level 3. HP: 24/24 MP: 3/3
  1171 | D:2      | Noticed Sigmund
  1173 | D:2      | Killed Sigmund
  1174 | D:2      | Reached skill level 4 in Shields
  1174 | D:2      | Reached XP level 4. HP: 30/30 MP: 4/4
  1174 | D:2      | Reached XP level 5. HP: 34/34 MP: 5/5
  1552 | D:2      | Noticed Terence
  1576 | D:2      | Killed Terence
  1577 | D:2      | Reached XP level 6. HP: 25/40 MP: 6/6
  2065 | D:3      | Reached skill level 5 in Fighting
  2065 | D:3      | Reached skill level 5 in Shields
  2597 | D:3      | Noticed an ice beast
  2610 | D:3      | Killed an ice beast
  2611 | D:3      | Reached skill level 5 in Maces & Flails
  2611 | D:3      | Reached XP level 7. HP: 44/44 MP: 7/7
  4126 | D:4      | Found Apem's General Store.
  4129 | D:4      | Bought a scroll of identify for 20 gold pieces
  4159 | D:4      | Noticed Pikel
  4290 | D:4      | Found a radiant altar of Vehumet.
  4528 | D:4      | Noticed Ijyb
  4540 | D:4      | Killed Ijyb
  4883 | D:4      | Killed Pikel
  4884 | D:4      | Reached XP level 8. HP: 45/49 MP: 8/8
  4928 | D:5      | Entered Level 5 of the Dungeon
  5109 | D:5      | Noticed Eustachio
  5132 | D:5      | Killed Eustachio
  5254 | D:5      | Found a glowing drain.
  5278 | Sewer    | Entered a sewer
  5935 | D:5      | Reached skill level 10 in Maces & Flails
  5981 | D:5      | Found a staircase to the Ecumenical Temple.
  5987 | Temple   | Entered the Ecumenical Temple
  6070 | Temple   | Became a worshipper of Warmaster Okawaru
  6234 | D:5      | Found a blossoming altar of Fedhas.
  6371 | D:5      | Reached XP level 9. HP: 54/54 MP: 9/9
  6375 | D:5      | Found an ancient bone altar of Kikubaaqudgha.
  6605 | D:6      | Reached * piety under Okawaru
  6811 | D:6      | Found a transporter.
  6811 | D:6      | Noticed brujo666's ghost (weakling DsDe)
  6812 | D:6      | Identified the cursed +0 great mace "Wusourue" {flame,
                  | rElec rC+++}
  6814 | D:6      | Found a transporter.
  7672 | D:7      | Found a hazy altar of Hepliaklqana.
  8133 | D:7      | Reached ** piety under Okawaru
  8405 | D:8      | Found Bisteqet's Magic Scroll Emporium.
  8417 | D:8      | Bought a scroll of identify for 30 gold pieces
  8417 | D:8      | Bought a scroll of identify for 30 gold pieces
  8417 | D:8      | Bought a scroll of identify for 30 gold pieces
  8453 | D:8      | Reached XP level 10. HP: 59/59 MP: 10/10
  8470 | D:8      | Found Vimnahil's Antique Armour Boutique.
  8478 | D:8      | Bought a shiny kite shield for 157 gold pieces
  8478 | D:8      | Bought a runed helmet for 157 gold pieces
  8636 | D:8      | Noticed a purple ugly thing
  8669 | D:8      | Killed a purple ugly thing
  8684 | D:8      | Found a large runed translucent door.
  8685 | D:8      | Found a large runed translucent door.
  9203 | D:8      | Found a glowing silver altar of Zin.
  9232 | D:8      | Found a hazy altar of Hepliaklqana.
  9319 | D:9      | Found a flagged portal.
  9331 | Bailey   | Entered a bailey
  9372 | Bailey   | Reached *** piety under Okawaru
 10034 | D:9      | Found a bloodstained altar of Trog.
 10152 | D:9      | Noticed Joseph
 10169 | D:9      | Killed Joseph
 10405 | D:10     | Entered Level 10 of the Dungeon
 10410 | D:10     | Reached **** piety under Okawaru
 10473 | D:10     | Reached skill level 1 in Throwing
 10647 | D:10     | Noticed a two-headed ogre
 10653 | D:10     | Killed a two-headed ogre
 10654 | D:10     | Reached XP level 11. HP: 63/63 MP: 11/11
 10707 | D:10     | Reached ***** piety under Okawaru
 10714 | D:10     | Found a portal to a secret trove of treasure.
 10723 | D:10     | Reached skill level 15 in Maces & Flails
 10857 | D:10     | Noticed a death yak
 10859 | D:10     | Noticed a death yak
 10860 | D:10     | Noticed a death yak
 10870 | D:10     | Found a staircase to the Lair.
 10940 | D:9      | Killed a death yak
 11026 | D:9      | Killed a death yak
 11026 | D:9      | Received a gift from Okawaru
 11058 | D:10     | Killed a death yak
 11059 | D:10     | Reached skill level 5 in Throwing
 11558 | Lair:1   | Entered Level 1 of the Lair of Beasts
 11573 | Lair:1   | Noticed Urug
 11703 | Lair:1   | Killed Urug
 11703 | Lair:1   | Received a gift from Okawaru
 11717 | D:10     | Reached skill level 1 in Invocations
 12416 | Lair:2   | Reached XP level 12. HP: 55/69 MP: 13/13
 12470 | Lair:2   | Found a dark tunnel.
 12477 | Volcano  | Entered a volcano
 12575 | Volcano  | Reached skill level 6 in Shields
 13037 | Volcano  | Found a radiant altar of Vehumet.
 13037 | Volcano  | Noticed a two-headed ogre
 13037 | Volcano  | Noticed a two-headed ogre
 13037 | Volcano  | Noticed an ogre mage
 13037 | Volcano  | Noticed a two-headed ogre
 13046 | Volcano  | Killed a two-headed ogre
 13051 | Volcano  | Killed an ogre mage
 13051 | Volcano  | Received a gift from Okawaru
 13054 | Volcano  | Killed a two-headed ogre
 13058 | Volcano  | Killed a two-headed ogre
 13059 | Volcano  | Reached skill level 7 in Shields
 13076 | Volcano  | Noticed a two-headed ogre
 13079 | Volcano  | Killed a two-headed ogre
 13095 | Volcano  | Reached skill level 5 in Invocations
 13143 | Volcano  | Noticed a hell knight
 13148 | Volcano  | Killed a hell knight
 13225 | Volcano  | Reached XP level 13. HP: 80/80 MP: 15/18
 13226 | Volcano  | Gained mutation: Your large and strong wings let you fly
                  | indefinitely. [Gargoyle growth]
 13226 | Volcano  | Reached XP level 14. HP: 86/86 MP: 15/20
 13377 | Lair:2   | Noticed Maggie
 13386 | Lair:2   | Killed Maggie
 13560 | Lair:2   | Reached skill level 8 in Shields
 13890 | Lair:2   | Noticed Erica
 13906 | Lair:2   | Killed Erica
 14253 | Lair:3   | Reached skill level 10 in Fighting
 14386 | Lair:3   | Noticed Fannar
 14403 | Lair:3   | Killed Fannar
 14714 | Lair:3   | Reached skill level 9 in Shields
 15012 | Lair:3   | Found a hole to the Spider Nest.
 15339 | Lair:4   | Found a staircase to the Swamp.
 15552 | Lair:4   | Reached skill level 10 in Shields
 15557 | Lair:4   | Reached XP level 15. HP: 89/95 MP: 21/21
 16060 | Lair:4   | Received a gift from Okawaru
 16073 | Lair:4   | Got a warped flail {god gift}
 16074 | Lair:4   | Identified the +7 flail of the Boar {speed, rElec rN+}
                  | (Okawaru gifted it to you on level 4 of the Lair of Beasts)
 16814 | Lair:5   | Found a staircase to the Slime Pits.
 16819 | Lair:5   | Reached skill level 11 in Shields
 17284 | Lair:6   | Entered Level 6 of the Lair of Beasts
 17368 | Lair:6   | Received a gift from Okawaru
 17452 | Lair:6   | Reached ****** piety under Okawaru
 17838 | Lair:6   | Received a gift from Okawaru
 17955 | Lair:6   | Reached skill level 12 in Shields
 18093 | Lair:6   | Received a gift from Okawaru
 18098 | Lair:6   | Got a jewelled scale mail {god gift}
 18109 | Lair:6   | Identified the +4 scale mail of the Pit {-Cast rCorr Str+4
                  | Int+6} (Okawaru gifted it to you on level 6 of the Lair of
                  | Beasts)
 18753 | Lair:6   | Reached skill level 13 in Shields
 19756 | D:11     | Reached XP level 16. HP: 106/106 MP: 22/22
 19910 | D:11     | You are sucked into a shaft and drop 2 floors!
 20117 | D:12     | Found a staircase to the Orcish Mines.
 20620 | D:11     | Noticed Sonja
 20639 | D:11     | Killed Sonja
 20639 | D:11     | Received a gift from Okawaru
 20834 | D:11     | Found Fiteverr's General Store.
 20841 | D:11     | Bought a scroll of acquirement for 676 gold pieces
 20841 | D:11     | Bought a potion of degeneration for 13 gold pieces
 20846 | D:11     | Acquired the +0 pair of boots of Rationality {Int+4}
 21905 | D:13     | Noticed Nessos
 21912 | D:13     | Killed Nessos
 22272 | D:14     | Reached skill level 14 in Shields
 22349 | D:14     | Reached skill level 15 in Fighting
 22696 | D:14     | Received a gift from Okawaru
 22722 | D:14     | Got a warped hat {god gift}
 22888 | D:14     | Identified the +1 hat of Leaves {Will+ Stlth+} (Okawaru
                  | gifted it to you on level 14 of the Dungeon)
 23106 | D:14     | Reached skill level 15 in Shields
 23191 | D:14     | Found a gate to the Vaults.
 23293 | D:14     | Reached skill level 5 in Armour
 24246 | D:15     | Entered Level 15 of the Dungeon
 24257 | D:15     | Found a broken altar of Ashenzari.
 24597 | D:15     | Received a gift from Okawaru
 24692 | D:15     | Reached XP level 17. HP: 83/113 MP: 16/23
 24865 | D:15     | Reached skill level 16 in Shields
 24985 | D:15     | Got a pair of pitted boots
 24996 | D:15     | Identified the +2 pair of boots of Gravitas {rPois Str+6
                  | Int+3 Stlth+} (You found it on level 15 of the Dungeon)
 24999 | D:15     | Found a staircase to the Depths.
 25036 | D:15     | Noticed Roxanne
 25061 | D:15     | Killed Roxanne
 25214 | Orc:1    | Entered Level 1 of the Orcish Mines
 25555 | Orc:2    | Entered Level 2 of the Orcish Mines
 25676 | Orc:2    | Found Tyes's Antique Weapon Emporium.
 26239 | Orc:2    | Received a gift from Okawaru
 26240 | Orc:2    | Gained mutation: You occasionally shout uncontrollably at
                  | your foes. [a neqoxec]
 26830 | Orc:2    | Received a gift from Okawaru
 26841 | Orc:2    | Got a dazzling cloak {god gift}
 26847 | Orc:2    | Identified the +2 cloak of Melancholy {rF+ Int+5 Dex+2}
                  | (Okawaru gifted it to you on level 2 of the Orcish Mines)
 27177 | Orc:2    | Found a staircase to the Elven Halls.
 27343 | Orc:2    | Found Noixuhug's Antique Armour Boutique.
 27344 | Orc:2    | Found Buaveu's Antique Weapon Boutique.
 27345 | Orc:2    | Found Ugith's General Store.
 27345 | Orc:2    | Found Hoaropp Ceng's Jewellery Shop.
 27488 | Orc:1    | Found Wijis's Assorted Antiques.
 27700 | Orc:2    | Bought a glowing demon whip for 648 gold pieces
 27757 | Orc:2    | Bought 2 scrolls of fear for 105 gold pieces
 27757 | Orc:2    | Bought a scroll of blinking for 112 gold pieces
 27757 | Orc:2    | Bought a scroll of identify for 30 gold pieces
 27757 | Orc:2    | Bought a potion of might for 60 gold pieces
 27767 | Orc:2    | Bought a distressingly furry chain mail for 247 gold pieces
 27777 | Orc:2    | Identified the +4 chain mail of Henotheism {Dex+7} (You
                  | bought it in a shop on level 2 of the Orcish Mines)
 28075 | Swamp:1  | Entered Level 1 of the Swamp
 28557 | Swamp:1  | Reached skill level 17 in Shields
 28562 | Swamp:1  | Reached skill level 10 in Armour
 30413 | Swamp:3  | Noticed Mara
 30423 | Swamp:3  | Received a gift from Okawaru
 30434 | Swamp:3  | Noticed Delamore's illusion
 30664 | Swamp:3  | Noticed Delamore's illusion
 30674 | Swamp:3  | Killed Mara
 30675 | Swamp:3  | Reached XP level 18. HP: 86/119 MP: 24/24
 30838 | Swamp:2  | Reached skill level 18 in Shields
 31353 | Swamp:3  | Found a transporter.
 31369 | Swamp:3  | Found a transporter.
 31657 | Swamp:3  | Identified the cursed +1 ring mail of the Thinker {-Tele
                  | *Corrode Dex+8 Stlth+} (You found it on level 3 of the
                  | Swamp)
 31852 | Swamp:4  | Entered Level 4 of the Swamp
 31870 | Swamp:4  | Received a gift from Okawaru
 32558 | Swamp:4  | Got a decaying rune of Zot
 33174 | Swamp:4  | Reached skill level 19 in Shields
 33602 | Spider:1 | Entered Level 1 of the Spider Nest
 33735 | Spider:1 | Received a gift from Okawaru
 34558 | Spider:2 | Reached XP level 19. HP: 107/124 MP: 25/25
 34631 | Spider:2 | Found a frozen archway.
 34640 | IceCv    | Entered an ice cave
 36028 | Spider:3 | Received a gift from Okawaru
 36135 | Spider:3 | Reached skill level 15 in Armour
 36179 | Spider:3 | Reached skill level 20 in Shields
 37532 | Spider:4 | Entered Level 4 of the Spider Nest
 38158 | Spider:4 | Received a gift from Okawaru
 38222 | Spider:4 | Noticed Louise
 38276 | Spider:4 | Cast into level 3 of the Abyss (Louise)
 38328 | Abyss:3  | Noticed a bone dragon
 38332 | Abyss:3  | Noticed a profane servitor
 38338 | Abyss:3  | Noticed a lich
 38507 | Abyss:3  | Gained mutation: You are weak. (Str -2) [a neqoxec]
 38513 | Abyss:3  | Reached skill level 21 in Shields
 38586 | Abyss:3  | Found a corrupted altar of Lugonu.
 38625 | Spider:4 | Escaped the Abyss
 38635 | Spider:4 | Killed Louise
 39187 | Spider:4 | Got a gossamer rune of Zot
 39190 | Spider:4 | Lost mutation: You are weak. (Str -2) [potion of mutation]
 39190 | Spider:4 | Lost mutation: You occasionally shout uncontrollably at
                  | your foes. [potion of mutation]
 39190 | Spider:4 | Gained mutation: You evolve. [potion of mutation]
 39190 | Spider:4 | Gained mutation: You are strong-willed. (Will+) [potion of
                  | mutation]
 39190 | Spider:4 | Gained mutation: You are agile. (Dex +2) [potion of
                  | mutation]
 39717 | Vaults:1 | Entered Level 1 of the Vaults
 39785 | Vaults:1 | Reached XP level 20. HP: 125/129 MP: 26/26
 39796 | Vaults:1 | Received a gift from Okawaru
 40179 | Vaults:1 | Gained mutation: Your flesh is heat resistant. (rF+)
                  | [evolution]
 40212 | Vaults:1 | Reached skill level 22 in Shields
 41285 | Vaults:1 | Acquired 977 gold pieces
 41664 | Vaults:1 | Received a gift from Okawaru
 41969 | Vaults:1 | Reached skill level 23 in Shields
 42518 | Vaults:2 | Noticed Saint Roka
 42540 | Vaults:2 | Killed Saint Roka
 43170 | Vaults:2 | Found a roughly hewn altar of Beogh.
 43704 | Vaults:2 | Reached skill level 24 in Shields
 43867 | Vaults:2 | Received a gift from Okawaru
 43868 | Vaults:2 | Reached XP level 21. HP: 124/134 MP: 27/27
 44156 | Vaults:2 | Received a gift from Okawaru
 44210 | Vaults:2 | Received a gift from Okawaru
 44346 | Vaults:2 | Reached skill level 25 in Shields
 44361 | Vaults:2 | HP: 5/134 [large abomination[an ironheart preserver] (16)]
 44773 | Vaults:2 | Acquired the +2 helmet "Laetirph" {rElec Str+7 Int+3
                  | Stlth-}
 44774 | Vaults:2 | Acquired the ring "Rubrih" {rElec rPois Str+6 Int+2 Slay+2}
 44956 | Vaults:2 | Found a staircase to the Crypt.
 45550 | Vaults:3 | Received a gift from Okawaru
 45748 | Vaults:3 | Gained mutation: You can translocate small distances at
                  | will. [evolution]
 46103 | Vaults:3 | Acquired a +6 demon whip of venom
 46503 | D:10     | You paid a toll of a +6 demon whip to enter a treasure
                  | trove
 46504 | Trove    | Entered a treasure trove
 46520 | Trove    | Got jewelled storm dragon scales
 46521 | Trove    | Identified the cursed +0 storm dragon scales "Xeahuini"
                  | {Rampage rElec} (You found it in a treasure trove)
 46921 | Vaults:3 | Reached XP level 22. HP: 94/146 MP: 28/28
 47706 | Vaults:3 | Received a gift from Okawaru
 48619 | Vaults:4 | Found Liod Kol's Jewellery Shop.
 49183 | Vaults:4 | Noticed a golden dragon
 49241 | Vaults:4 | Received a gift from Okawaru
 49652 | Vaults:3 | Killed a golden dragon
 49974 | Vaults:4 | Received a gift from Okawaru
 50143 | Vaults:4 | Received a gift from Okawaru
 50150 | Vaults:4 | Reached XP level 23. HP: 151/155 MP: 29/29
 51028 | Vaults:5 | Entered Level 5 of the Vaults
 51133 | Vaults:5 | Killed from afar by a Hell Sentinel

Illustrated notes

Levels and vault maps discovered:
D:1:      sevenhm_arrival_forest_fort_small_3, layout_basic
D:2:      layout_loops_cross, hangedman_feature_mirror, kennysheep_another_room,
          uniq_terence, uniq_sigmund
D:3:      layout_loops_corners
D:4:      layout_loops_corners, vehumet_statue, serial_shops, kennysheep_mini,
          uniq_ijyb, uniq_pikel
D:5:      layout_loops_ring, marbit_many_paths, minmay_temple_entry_hall,
          portal_sewer_entry_a, fedhas_altar_4, uniq_eustachio
D:6:      layout_basic, gammafunk_ghost_smash
D:7:      layout_loops_ring, overflow_temple_1_default, chequers_big_river,
          nicolae_underground_beach
D:8:      layout_loops_ring, serial_shops, shop_statue, shop,
          jmf_multi_god_temple2
D:9:      layout_long_grid, nicolae_overflow_crystal_walls, enter_bailey_2,
          water_boxes_lemuel, uniq_joseph
D:10:     layout_stronghold, dpeg_lair_monsters, nicolae_trove_entry_free_sample
D:11:     layout_basic, serial_shops, nicolae_shop_waterfront, uniq_sonja
D:12:     layout_basic, david_orc_1_choice
D:13:     layout_stronghold, bh_circular_ruins, uniq_nessos
D:14:     minmay_blocking_statues, layout_cave_pools, grunt_vaults_entry_tiered
D:15:     grunt_enter_depths_magical_seal, layout_long_grid,
          evilmike_ruin_ashenzari, uniq_roxanne
Temple:   eino_narrow_crystal_temple
Lair:1:   layout_chaotic_city, chequers_serial_rivers_micro_c, uniq_urug
Lair:2:   layout_regular_city, enter_volcano_2, grunt_megastairs_4, uniq_maggie,
          uniq_erica
Lair:3:   layout_cave_pods, spider_nest_entry_webs, uniq_fannar
Lair:4:   layout_cave_pods, skrybe_swamp_entry_bodies, serial_bayou_shore_b
Lair:5:   layout_roguey, minmay_slime_entry_pillars
Lair:6:   minmay_lair_end_enchanted_forest, layout_gridlike, lookout_lair_type,
          minivault_19
Swamp:1:  layout_basic_swamp, evilmike_swamp_ruin_rubble_1
Swamp:2:  layout_falls_marsh, evilmike_swamp_ruin_house_6
Swamp:3:  gammafunk_sealed_arena, layout_falls_marsh, hangedman_swamp_ruin_hall,
          uniq_mara
Swamp:4:  swamp, layout_basic_swamp, swamp_pool1
Spider:1: layout_spider_delve, nicolae_spider_webbed_stairs
Spider:2: layout_spider_delve, portal_ice_cave_entry_pillars_1,
          nicolae_spider_nook
Spider:3: layout_chambers
Spider:4: spider_rune_water, uniq_louise
Orc:1:    layout_caves, serial_shops, nicolae_shop_statue_plus
Orc:2:    st_orc_congregation, layout_caves, serial_shops, nicolae_shop_trees
Vaults:1: ontoclasm_vaults_shout, nicolae_vaults_little_squares_4,
          vaults_room_grunt_arrival_ludios, layout_vaults_chaotic_city
Vaults:2: v_misc_9, minmay_crypt_entry_simple_plaza, hangedman_vaults_nodes,
          v_misc_31, v_misc_8, grunt_vaults_focal, special_room_vaults
          [special_room_orc], v_misc_24, v_rooms_1, vaults_room_fancy_cross,
          nicolae_vaults_sealed_display, layout_vaults_ring, uniq_saint_roka
Vaults:3: st_squares, nicolae_vaults_little_squares_5, hangedman_vaults_trim,
          nicolae_vaults_arrows, v_misc_29, grunt_vaults_funnel, v_misc_23,
          layout_vaults_omnigrid
Vaults:4: ontoclasm_vaults_eye, nicolae_vaults_big_angled_halls, v_misc_32,
          vaults_room_corners, dpeg_vaults_pockets_of_resistance,
          ontoclasm_vaults_twist, ontoclasm_vaults_ring_small,
          ontoclasm_vaults_fault, v_misc_33, v_misc_15, vaults_room_pools,
          nicolae_vaults_bisected_exclaves, nicolae_vaults_specimen_jars,
          layout_vaults_omnicross, serial_shops, shop
Vaults:5: serial_shops, uniq_xtahua

Skill      XL: |  1  2  3  4  5  6  7  8  9 10 11 12 13 14 15 16 17 18 19 20 21 22 |
---------------+-------------------------------------------------------------------+-----
Fighting       | 4 5 9 11 14 15 17 19 | 19.4
Maces & Flails | 3 5 8 10 12 14 16 17 | 17.4
Shields        | 4 5 7 10 13 15 17 19 21 24 25 | 25.8
Throwing       | 2 5 |  5.0
Invocations    | 2 7 9 |  9.0
Evocations     | 4 6 |  6.0
Armour         | 7 11 14 15 | 15.0

Action                   |  1- 3 |  4- 6 |  7- 9 | 10-12 | 13-15 | 16-18 | 19-21 | 22-24 || total
-------------------------+-------+-------+-------+-------+-------+-------+-------+-------++-------
Melee: Flail             |   103 |    91 |       |       |   661 |       |       |       ||   855
       Morningstar       |       |   126 |   523 |   589 |   437 |  1661 |  1381 |       ||  4717
       Demon whip        |       |       |       |       |       |    83 |    42 |       ||   125
       Eveningstar       |       |       |       |       |       |       |   576 |   839 ||  1415
Throw: Dart              |       |       |       |     1 |       |       |       |       ||     1
       Javelin           |       |       |       |       |     3 |    18 |    16 |     4 ||    41
       Throwing net      |       |       |       |       |       |     2 |       |       ||     2
Invok: Finesse           |       |       |       |     2 |     1 |     1 |     2 |     1 ||     7
       Heroism           |       |       |       |     2 |       |     1 |       |       ||     3
 Abil: Fly               |       |       |       |       |     1 |       |     1 |       ||     2
       Stop Flying       |       |       |       |       |       |       |     2 |       ||     2
Evoke: Wand              |     2 |       |       |     7 |       |       |       |       ||     9
  Use: Scroll            |       |       |    14 |    10 |     3 |    17 |    15 |     1 ||    60
       Potion            |       |       |     1 |     2 |     2 |     7 |    15 |     2 ||    29
 Stab: Confused          |       |       |       |       |       |     4 |       |       ||     4
       Distracted        |       |       |       |       |       |       |       |     1 ||     1
Armor: Scale mail        |    19 |       |       |       |       |       |       |       ||    19
       Chain mail        |    50 |   197 |   350 |    99 |       |       |       |       ||   696
       Plate armour      |       |       |       |   277 |   509 |   996 |  1251 |       ||  3033
       Storm dragon scal |       |       |       |       |       |       |    24 |   236 ||   260
Dodge: Dodged            |    24 |    59 |   153 |   103 |   130 |   311 |   403 |    83 ||  1266
Block: Kite shield       |    65 |   153 |   322 |   292 |   702 |  1735 |  2163 |       ||  5432
       Reflection        |       |       |       |       |     1 |    86 |   115 |    41 ||   243
       Tower shield      |       |       |       |       |       |       |   412 |   932 ||  1344

Table legend: (Time is in decaauts)
 A = Elapsed time spent in this place.
 B = Non-inter-level travel time spent in this place.
 C = Inter-level travel time spent in this place.
 D = Time resting spent in this place.
 E = Time spent auto-exploring this place.
 F = Levels seen in this place.
 G = Mean time per level.
                   A        B        C        D        E       F      G
               +--------+--------+--------+--------+--------+-----+--------+
         Total |  51177 |  47765 |   3412 |   7379 |  29821 |  43 | 1190.2 |
       Dungeon |  17628 |  15932 |   1696 |   2663 |   9834 |  15 | 1175.2 |
        Temple |     98 |     63 |     35 |      0 |     60 |   1 |   98.0 |
          Lair |   6921 |   6366 |    555 |    255 |   4935 |   6 | 1153.5 |
         Swamp |   5464 |   5321 |    143 |   2163 |   2368 |   4 | 1366.0 |
   Spider Nest |   4985 |   4619 |    366 |    442 |   3271 |   4 | 1246.2 |
  Orcish Mines |   2724 |   2482 |    242 |    421 |   1484 |   2 | 1362.0 |
        Vaults |  10303 |   9930 |    373 |   1262 |   6320 |   5 | 2060.6 |
         Abyss |    352 |    352 |      0 |     63 |      0 |   1 |  352.0 |
         Trove |     38 |     38 |      0 |      0 |      0 |   1 |   38.0 |
         Sewer |    808 |    808 |      0 |      0 |    597 |   1 |  808.0 |
        Bailey |    498 |    498 |      0 |     33 |    252 |   1 |  498.0 |
      Ice Cave |    618 |    618 |      0 |     59 |    223 |   1 |  618.0 |
       Volcano |    735 |    735 |      0 |     16 |    474 |   1 |  735.0 |
               +--------+--------+--------+--------+--------+-----+--------+

Top non-repeatable levels by time:
Vaults:3: 3351 daAuts
Vaults:2: 2682 daAuts
    D:14: 2433 daAuts
Vaults:1: 2396 daAuts
 Swamp:3: 1895 daAuts
   Orc:2: 1861 daAuts
Vaults:4: 1798 daAuts
     D:2: 1768 daAuts
Spider:3: 1673 daAuts
 Swamp:2: 1670 daAuts
  Lair:6: 1632 daAuts
Spider:4: 1521 daAuts
    D:10: 1405 daAuts
  Lair:3: 1319 daAuts
     D:3: 1286 daAuts
